AoeStats
← Tunga

Arabia

505640463Analyzed
1v1 RM · 23d ago on Sep 10, 2026· 58m 45s· 2 players
Game mode
Random Map
Map size
Tiny (2 player)
Population
200
Speed
Normal
Resources
Standard
Victory
Conquest
Starting age
Dark Age
Ending age
Imperial Age
RankedLock teamsTeams togetherTeam positionsShared explorationLock speedFull tech treeHidden civsTurbo modeCheats
Victory
Defeat
🇷🇺 Hindustanis · Russia
769
+15
🇹🇷 Tatars · Türkiye
744
-15
Tunga
6:11 Loom
11:30 Feudal Age
12:14 Man-at-Arms
19:36 Double-Bit Axe
19:35 Horse Collar
23:13 Castle Age
22:10 Padded Archer Armor
24:33 Wheelbarrow
24:12 Town Watch
24:30 Fletching
24:56 Leather Archer Armor
27:48 Hand Cart
30:30 Husbandry
33:30 Scale Barding Armor
33:45 Scale Barding Armor
36:32 Elite Skirmisher
46:18 Imperial Age
43:35 Town Watch
49:34 Ring Archer Armor
48:59 Bodkin Arrow
50:15 Cavalier
52:22 Ballistics
53:56 Chemistry
Kalgur
11:14 Feudal Age
12:58 Horse Collar
13:06 Double-Bit Axe
13:56 Gold Mining
22:00 Castle Age
20:37 Wheelbarrow
21:32 Stone Mining
26:10 Padded Archer Armor
29:03 Imperial Age
27:57 Leather Archer Armor
29:39 Murder Holes
30:57 Chemistry
30:31 Ring Archer Armor
31:08 Conscription
30:49 Shatagni
33:20 Heavy Plow
34:29 Gold Shaft Mining
44:13 Murder Holes
46:41 Grand Trunk Road
52:25 Elite Ghulam
53:53 Scale Mail Armor
54:04 Forging
55:15 Chain Mail Armor
Connection lost

Rejoining the realm…

Still unreachable

The connection could not be restored.

Session expired

The server has moved on; the page needs a fresh start.